 Dungeon Crawl Stone Soup version 0.30-b1-2-g02819fbbbe (webtiles) character file.

Game seed: 5099695904292534209

99 Alarkh the Trooper (level 4, -4/38 HPs)
             Began as a Demonspawn Artificer on Nov 24, 2023.
             Killed from afar by Natasha (9 damage)
             ... with a puff of flame
             ... on level 2 of the Dungeon.
             The game lasted 00:01:51 (1560 turns).

Alarkh the Trooper (Demonspawn Artificer)           Turns: 1560, Time: 00:01:51

Health: -4/38      AC:  5    Str: 12    XL:     4   Next: 45%
Magic:  4/4        EV: 11    Int: 14    God:
Gold:   130        SH:  0    Dex: 14    Spells: 3/3 levels left

rFire   . . .        a - +0 dagger (venom)
rCold   . . .        (no shield)
rNeg    . . .        b - +0 leather armour
rPois   .            f - +0 helmet
rElec   .            (no cloak)
rCorr   .            (no gloves)
SInv    .            (no boots)
Will    .....        (no amulet)
Stlth   +            (no ring)
HPRegen 0.26/turn    (no ring)
MPRegen 0.09/turn

%: no passive effects
@: no status effects
A: sharp scales 1, demonic magic 1
a: no special abilities


You were on level 2 of the Dungeon.
You visited 1 branch of the dungeon, and saw 2 of its levels.

You collected 130 gold pieces.

Inventory:

Hand Weapons
 a - a +0 dagger of venom (weapon)
 g - a +0 dagger
Armour
 b - a +0 leather armour (worn)
 f - a +0 helmet (worn)
Jewellery
 i - an amulet of magic regeneration
Wands
 c - a wand of flame (15) (quivered)
 d - a wand of charming (15)
 e - a wand of iceblast (3)
Scrolls
 h - 2 scrolls of summoning {unknown}
 j - a scroll of enchant armour {unknown}
 k - 3 scrolls of identify {unknown}
 m - a scroll of magic mapping {unknown}
 q - 3 scrolls of teleportation {unknown}
 r - a scroll of amnesia {unknown}
 s - a scroll of blinking {unknown}
Potions
 l - a potion of might {unknown}
 n - a potion of attraction {unknown}
 o - a potion of invisibility {unknown}
 p - a potion of curing {unknown}
 t - a potion of cancellation {unknown}
 u - a potion of brilliance {unknown}


   Skills:
 + Level 4.4 Fighting
 - Level 1.7 Armour
 - Level 0.8 Dodging
 - Level 0.8 Stealth
 - Level 3.0 Evocations


You had 3 spell levels left.
You didn't know any spells.
Your spell library contained the following spells:

 Spells                   Type           Power      Damage    Failure   Level
 Inner Flame              Hex/Fire       0%         N/A       73%         3
 Yara's Violent Unravell  Hex/Tmut       0%         3d3       100%        5
 Enfeeble                 Hex            0%         N/A       100%        7


Dungeon Overview and Level Annotations

Branches:
Dungeon (2/15)

Altars:

Annotations:
D:2 Natasha


Innate Abilities, Weirdness & Mutations

You are partially covered in razor-sharp scales. (AC +1, Slay +1)
Spells you cast may paralyse adjacent enemies.


Message History

You are poisoned.
The adder poisons you! The adder closely misses you.
You hit the adder.
The adder looks as sick as possible!
The adder is heavily wounded.
You feel sick.
You kill the adder!
No target in view!
You feel sick.
You feel sick.
You feel sick.
You are no longer poisoned.
Natasha, Servant of Life and Death comes into view.
She is carrying a wand of flame (20).
Natasha zaps a wand.
The puff of flame hits you!
Natasha is nearby!
Natasha is nearby!
Natasha mumbles some strange words.
Natasha's front paws start to glow.
Natasha zaps a wand.
The puff of flame hits you! Natasha claws you.
You are too injured to fight recklessly!
You are too injured to fight recklessly!
You are too injured to fight recklessly!
You hit Natasha.
Natasha is poisoned.
Natasha is moderately wounded.
Natasha zaps a wand.
The puff of flame hits you!
* * * LOW HITPOINT WARNING * * *
You hit Natasha.
Natasha looks even sicker.
Natasha is severely wounded.
Natasha barely misses you.
You closely miss Natasha.
Natasha is severely wounded.
Natasha claws you!
* * * LOW HITPOINT WARNING * * *
You hit Natasha.
Natasha is severely wounded.
Natasha closely misses you.
You hit Natasha but do no damage.
Natasha is almost dead.
Natasha zaps a wand.
The puff of flame hits you!
You die...

#########
##.......####
###............
######...#.###...###
#.h@...###.# #...# #
### .# #....######
#.###...### ..# #.#
#.## #..........
#.#####.###.#
#..........
#.>.......#.#
#..........
#...###.#.#.#
#.###...###
#†...##.#.#.# #.#
#...# #
#..#.##.#.#.#
#...###
..)#....#.#.#
........


You could see Natasha (very poisoned).

Vanquished Creatures
  5 adders (D:2)
  2 dart slugs
  4 ball pythons
  5 endoplasms
  3 giant cockroaches (D:1)
  3 hobgoblins (D:1)
  3 jackals (D:1)
  3 kobolds
  3 quokkas
  5 bats
  2 frilled lizards (D:1)
  7 goblins
  3 rats
48 creatures vanquished.

Notes
Turn   | Place    | Note
-------+----------+-------------------------------------------
     0 | D:1      | Alarkh the Demonspawn Artificer began the quest for the
                  | Orb.
     0 | D:1      | Reached XP level 1. HP: 15/15 MP: 1/1
   160 | D:1      | Reached skill level 2 in Fighting
   168 | D:1      | Gained mutation: You are partially covered in razor-sharp
                  | scales. (AC +1, Slay +1) [demonic ancestry]
   168 | D:1      | Reached XP level 2. HP: 4/22 MP: 2/2
   539 | D:1      | Reached skill level 3 in Fighting
   540 | D:1      | Reached XP level 3. HP: 27/29 MP: 3/3
  1247 | D:2      | Gained mutation: Spells you cast may paralyse adjacent
                  | enemies. [demonic ancestry]
  1247 | D:2      | Reached XP level 4. HP: 36/37 MP: 4/4
  1327 | D:2      | Reached skill level 4 in Fighting
  1551 | D:2      | Noticed Natasha
  1560 | D:2      | Killed from afar by Natasha

Illustrated notes

Levels and vault maps discovered:
D:1:      eino_arrival_cavern_b, layout_basic
D:2:      layout_basic, minmay_misc_feat_cross, uniq_natasha

Skill      XL: |  1  2  3  4 |
---------------+-------------+-----
Fighting       | 2 3 4 |  4.4
Armour         | |  1.7
Dodging        | |  0.8
Stealth        | |  0.8
Evocations     | |  3.0

Action                     |  1- 3 |  4- 6 || total
---------------------------+-------+-------++-------
  Melee: Dagger            |   111 |    32 ||   143
         Club              |     3 |       ||     3
         Punch             |     1 |       ||     1
  Evoke: Wand              |     2 |       ||     2
   Stab: Sleeping          |     4 |       ||     4
 Armour: Leather armour    |    63 |     6 ||    69
  Dodge: Dodged            |    88 |    18 ||   106
